 Dungeon Crawl Stone Soup version 0.25-a0-937-gcfae464cf3 (webtiles) character file.

Game seed: 5814027071982446321, levelgen mode: deterministic

8199 Velinor the Slicer (level 11, 0/86 HPs)
             Began as a Demonspawn Berserker on May 4, 2020.
             Was a High Priest of Trog.
             Splashed by a brown ugly thing's acid (9 damage)
             ... on level 11 of the Dungeon.
             The game lasted 00:50:32 (10651 turns).

Velinor the Slicer (Demonspawn Berserker)          Turns: 10651, Time: 00:50:32

Health: 0/86       AC: 12    Str: 19    XL:     11   Next: 6%
Magic:  11/11      EV: 15    Int:  9    God:    Trog [*****.]
Gold:   734        SH:  0    Dex: 17    Spells: 10/10 levels left

rFire    + . .     SeeInvis .   n - +5 dagger (venom)
rCold    + + .     Gourm    .   (no shield)
rNeg     + . .     Faith    .   D - +5 ring mail "Ocvau" {Dex+3}
rPois    .         Spirit   .   (helmet restricted)
rElec    .         Reflect  .   A - scarf {rC+ rF+}
rCorr    .         Harm     .   P - +0 pair of gloves
MR       .....                  (no boots)
Stlth    +++++.....             (no amulet)
HPRegen  0.24/turn              m - ring of positive energy
MPRegen  0.12/turn              E - ring of ice

@: about to teleport
A: hooves 2, horns 1, fire resistance 1, nightstalker 2
a: Berserk, Trog's Hand, Brothers in Arms, Renounce Religion


You were on level 11 of the Dungeon.
You worshipped Trog.
Trog was extremely pleased with you.
You were not hungry.

You visited 1 branch of the dungeon, and saw 11 of its levels.
You also visited: Ossuary.

You collected 734 gold pieces.

Inventory:

Hand Weapons
 a - a +0 mace
 n - a +5 dagger of venom (weapon)
 o - a +0 flail
 I - a +2 short sword of venom
 N - the +3 hunting sling "Gybruuf" {flame, +Blink}
   (You found it on level 8 of the Dungeon)

   It causes projectiles fired from it to burn those they strike, causing extra
   injury to most foes and up to half again as much damage against particularly
   susceptible opponents.
   It lets you blink.
 Q - a +0 dagger of speed
 U - a +2 dagger of flaming
Missiles
 l - a throwing net (quivered)
 R - 36 sling bullets
Armour
 k - a +0 scale mail
 A - a scarf of resistance (worn)
 D - the +5 ring mail "Ocvau" (worn) {Dex+3}
   (You found it on level 4 of the Dungeon)

   It affects your dexterity (+3).
 J - a +1 cloak
 L - a +3 plate armour of cold resistance
 P - a +0 pair of gloves (worn)
Jewellery
 h - an uncursed ring of fire
 m - a ring of positive energy (left hand)
 E - a ring of ice (right hand)
Wands
 q - a wand of polymorph (30)
 r - a wand of acid (9)
 y - a wand of iceblast (15)
 z - a wand of random effects (4)
 G - a wand of flame (36)
Scrolls
 b - 2 scrolls of enchant armour
 f - 4 scrolls of remove curse
 g - 2 scrolls of fog
 j - a scroll of enchant weapon
 u - 2 scrolls of magic mapping
 w - 2 scrolls of fear
 B - 2 scrolls of blinking
 F - 2 scrolls of torment
 M - a scroll of immolation
 O - a scroll of brand weapon
Potions
 d - 3 potions of haste
 e - 13 potions of curing
 i - a potion of cancellation
 p - 3 potions of stabbing {unknown}
 s - a potion of heal wounds
 t - 3 potions of flight {unknown}
 v - a potion of resistance
 C - 7 potions of mutation
 H - 2 potions of ambrosia {unknown}
 S - 2 potions of lignification {unknown}
Comestibles
 c - 15 rations


   Skills:
 + Level 7.8 Fighting
 * Level 8.6 Short Blades
 - Level 4.3 Maces & Flails
 + Level 6.7 Armour
 + Level 6.7 Dodging
 + Level 6.4 Stealth


You had 10 spell levels left.
You didn't know any spells.
Your spell library was empty.

Dungeon Overview and Level Annotations

Branches:
Dungeon (11/15)            Temple (0/1) D:4            Lair (0/6) D:9
Ossuary (visited)
    Orc: D:9-12

Altars:
Ashenzari
Cheibriados
Elyvilon
Hepliaklqana
Kikubaaqudgha
Makhleb
Nemelex Xobeh
Okawaru
Trog
Vehumet
Wu Jian
Yredelemnul
The Shining One

Shops:
D:6 =   D:7 :


Innate Abilities, Weirdness & Mutations

You have hoof-like feet.
You have a pair of small horns on your head.
Your flesh is heat resistant. (rF+)
You are significantly more attuned to the shadows.


Message History

The orc warrior is heavily wounded.
You hit the orc warrior but do no damage.
The orc warrior looks as sick as possible!
You kick the orc warrior, but do no damage.
The orc warrior is heavily wounded.
The orc warrior hits you with a +0 glaive!!
* * * LOW HITPOINT WARNING * * *
You feel much better. The orc barely misses you.
As you read the scroll of teleportation, it crumbles to dust.
You feel strangely unstable. The orc barely misses you.
The orc warrior misses you.
The orc warrior hits you from afar with a +0 glaive!
* * * LOW HITPOINT WARNING * * *
The orc warrior misses you.
Things that are here:
a cursed +1 scimitar; a +0 robe The brown ugly thing claws you.
* * * LOW HITPOINT WARNING * * *
You are splashed with acid!
You die...

........ #.<..
#...#
.[.........#
...........#
.....9.....#
...........#
.#########..#
.....@o.....##
......u))......
........o)....?
...............
###....###.....
#....# o....
.... ....


You could see a brown ugly thing, an orc warrior and an orc.

Vanquished Creatures
  Maurice (D:8)
  Joseph (D:9)
  2 trolls (D:10)
  A hippogriff (D:9)
  Grinder (D:4)
  A hippogriff (shapeshifter) (D:11)
  Sigmund (D:2)
  5 yaks
  A wyvern (D:11)
  A hungry ghost (D:8)
  Duvessa (D:4)
  A porcupine (D:9)
  An eye of draining (D:11)
  A black bear (D:11)
  2 orc warriors (D:9)
  3 phantoms
  2 ogres (D:9)
  4 ice beasts
  2 sky beasts
  A necrophage (D:11)
  2 crocodiles
  2 centaurs (D:8)
  A big kobold (D:10)
  12 bullfrogs
  A gnoll sergeant (D:7)
  4 elf zombies (Ossuary)
  Dowan (D:4)
  A scorpion (D:9)
  A water moccasin skeleton (D:8)
  3 killer bees (D:10)
  5 wights
  A howler monkey (D:8)
  7 crimson imps
  4 human zombies (Ossuary)
  3 quasits (D:9)
  2 bullfrog skeletons
  6 centaur zombies
  3 jellies
  A gnoll shaman (D:4)
  3 orc priests (D:9)
  A hound (D:9)
  Ijyb (D:4)
  A centaur skeleton (D:4)
  Jessica (D:2)
  Terence (D:2)
  7 orc wizards
  4 worker ants
  Natasha (twice) (D:2 D:1)
  2 killer bee zombies
  A hound skeleton (D:6)
  A howler monkey zombie (D:8)
  3 mummies (Ossuary)
  20 gnolls
  A howler monkey skeleton (D:6)
  4 adders
  A shadow imp (D:6)
  An adder skeleton (D:4)
  3 worms
  A dart slug (D:2)
  2 leopard geckos
  31 orcs
  6 giant cockroaches
  13 goblins
  6 hobgoblins
  7 jackals
  6 quokkas
  9 bats
  4 frilled lizards
  13 kobolds
  A leopard gecko zombie (D:5)
  A quokka skeleton (D:5)
  A quokka zombie (D:5)
  4 rats
256 creatures vanquished.

Vanquished Creatures (others)
  3 fungi (D:9)
  5 toadstools (D:9)
8 creatures vanquished.

Grand Total: 264 creatures vanquished

Notes
Turn   | Place    | Note
-------+----------+-------------------------------------------
     0 | D:1      | Velinor the Demonspawn Berserker began the quest for the
                  | Orb.
     0 | D:1      | Reached XP level 1. HP: 18/18 MP: 1/1
   303 | D:1      | Gained mutation: You have large cloven feet. [demonic
                  | ancestry]
   303 | D:1      | Reached XP level 2. HP: 19/24 MP: 2/2
   421 | D:1      | Found a shattered altar of Ashenzari.
   972 | D:2      | Noticed Sigmund
  1088 | D:2      | Noticed Natasha
  1099 | D:2      | Killed Natasha
  1099 | D:2      | Reached XP level 3. HP: 26/29 MP: 3/3
  1382 | D:2      | Noticed Natasha
  1399 | D:1      | Killed Natasha
  1399 | D:1      | Gained mutation: Your flesh is heat resistant. (rF+)
                  | [demonic ancestry]
  1399 | D:1      | Reached XP level 4. HP: 11/35 MP: 4/4
  1687 | D:2      | Killed Sigmund
  1687 | D:2      | Reached XP level 5. HP: 13/42 MP: 5/5
  1756 | D:2      | Noticed Terence
  1773 | D:2      | Killed Terence
  1937 | D:2      | Gained mutation: You are slightly more attuned to the
                  | shadows. [demonic ancestry]
  1937 | D:2      | Reached XP level 6. HP: 48/48 MP: 6/6
  2146 | D:2      | Reached ** piety under Trog
  2156 | D:2      | Noticed Jessica
  2162 | D:2      | Killed Jessica
  2180 | D:2      | Found a shattered altar of Ashenzari.
  2182 | D:2      | Found a basalt altar of Yredelemnul.
  2184 | D:2      | Found a radiant altar of Vehumet.
  2189 | D:2      | Found a snail-covered altar of Cheibriados.
  2191 | D:2      | Found a bloodstained altar of Trog.
  2191 | D:2      | Found a white marble altar of Elyvilon.
  2191 | D:2      | Found a glowing golden altar of the Shining One.
  2191 | D:2      | Found an ornate altar of the Wu Jian Council.
  2191 | D:2      | Found a hazy altar of Hepliaklqana.
  2193 | D:2      | Found a sparkling altar of Nemelex Xobeh.
  2195 | D:2      | Found an ancient bone altar of Kikubaaqudgha.
  2579 | D:3      | Reached skill level 1 in Short Blades
  3047 | D:4      | Reached skill level 1 in Stealth
  3167 | D:4      | Noticed Ijyb
  3183 | D:4      | Killed Ijyb
  3341 | D:4      | Noticed Grinder
  3353 | D:4      | Killed Grinder
  3353 | D:4      | Reached skill level 2 in Short Blades
  3353 | D:4      | Gained mutation: You have a pair of small horns on your
                  | head. [demonic ancestry]
  3353 | D:4      | Reached XP level 7. HP: 55/55 MP: 7/7
  3626 | D:4      | Got a crude ring mail
  3638 | D:4      | Identified the +5 ring mail "Ocvau" {Dex+3} (You found it
                  | on level 4 of the Dungeon)
  3705 | D:4      | Found a staircase to the Ecumenical Temple.
  3823 | D:4      | Noticed Duvessa
  3823 | D:4      | Noticed Dowan
  3839 | D:4      | Killed Duvessa
  3839 | D:4      | Reached skill level 3 in Short Blades
  3851 | D:4      | Killed Dowan
  4070 | D:5      | Entered Level 5 of the Dungeon
  4104 | D:5      | Reached *** piety under Trog
  4107 | D:5      | Reached XP level 8. HP: 55/61 MP: 8/8
  4148 | D:5      | Reached skill level 5 in Fighting
  4410 | D:5      | You fall into a shaft and drop 3 floors!
  4426 | D:8      | Reached skill level 4 in Short Blades
  4439 | D:8      | Found a burning altar of Makhleb.
  4514 | D:8      | Noticed Maurice
  4542 | D:8      | Found a sand-covered staircase.
  4547 | Ossuary  | Entered an ossuary
  4937 | Ossuary  | Reached skill level 5 in Short Blades
  5028 | D:8      | Killed Maurice
  5028 | D:8      | Gained mutation: You have hoof-like feet. [demonic
                  | ancestry]
  5028 | D:8      | Reached XP level 9. HP: 69/69 MP: 9/9
  5155 | D:8      | Reached skill level 5 in Armour
  5155 | D:8      | Reached skill level 5 in Dodging
  5158 | D:8      | Reached **** piety under Trog
  5727 | D:7      | Found Gihosche's Book Shoppe.
  5739 | D:7      | Reached skill level 6 in Short Blades
  5862 | D:6      | Found Vawawul's Jewellery Shop.
  7107 | D:7      | Reached skill level 5 in Stealth
  7243 | D:8      | Got an ebony hunting sling
  7246 | D:8      | Identified the +3 hunting sling "Gybruuf" {flame, +Blink}
                  | (You found it on level 8 of the Dungeon)
  7419 | D:8      | Found an iron altar of Okawaru.
  7712 | D:8      | Reached ***** piety under Trog
  7778 | D:9      | Noticed Joseph
  7874 | D:9      | Gained mutation: You are significantly more attuned to the
                  | shadows. [demonic ancestry]
  7874 | D:9      | Reached XP level 10. HP: 77/77 MP: 10/10
  8046 | D:9      | Reached skill level 7 in Short Blades
  8243 | D:9      | Killed Joseph
  8635 | D:9      | Found a staircase to the Lair.
  8649 | D:9      | Received a gift from Trog
  8888 | D:10     | Entered Level 10 of the Dungeon
  9231 | D:10     | Reached skill level 8 in Short Blades
 10222 | D:11     | Reached XP level 11. HP: 47/85 MP: 1/11
 10551 | D:11     | Noticed a brown ugly thing
 10651 | D:11     | Splashed by a brown ugly thing's acid

Levels and vault maps discovered:
D:1:      evilmike_arrival_hilbert_curve, layout_basic, evilmike_ruin_ashenzari
D:2:      layout_rooms, minitemple, first_ration, uniq_sigmund, uniq_jessica,
          uniq_natasha, uniq_terence
D:3:      layout_rooms, serial_bayou_pond_b, hex_medium
D:4:      layout_basic, minmay_temple_entry_poolview, moated_statue, uniq_ijyb,
          uniq_grinder, uniq_duvessa
D:5:      layout_cave_pools, corexii_shack
D:6:      layout_rooms, serial_shops, nicolae_shop_trees
D:7:      layout_basic, serial_shops, nicolae_shop_statue_plus
D:8:      layout_loops_cross, okawaru_altar_gauntlet_db, lemuel_doored_altar,
          enter_bailey_7, enter_ossuary_5, uniq_maurice
D:9:      layout_basic, grunt_lair_entry_orc_guard_hut,
          minmay_gold_behind_fungi, uniq_joseph
D:10:     lemuel_ice_spiral_2, layout_stronghold
D:11:     layout_small_grid

Skill      XL: |  1  2  3  4  5  6  7  8  9 10 |
---------------+-------------------------------+-----
Armour         | 2 3 4 5 6 |  6.7
Maces & Flails | 3 4 |  4.3
Dodging        | 2 3 4 5 6 |  6.7
Fighting       | 4 5 6 7 |  7.8
Short Blades   | 2 3 5 6 8 |  8.6
Stealth        | 1 2 4 5 6 |  6.4

Action                   |  1- 3 |  4- 6 |  7- 9 | 10-12 || total
-------------------------+-------+-------+-------+-------++-------
Melee: Mace              |    70 |    12 |       |       ||    82
       Kick              |    12 |    43 |   168 |   116 ||   339
       Dagger            |       |   126 |   445 |   282 ||   853
       Headbutt          |       |       |    99 |    61 ||   160
Invok: Berserk           |     3 |     2 |     2 |     1 ||     8
       Trog's Hand       |       |     1 |       |       ||     1
Evoke: Wand              |       |       |     3 |       ||     3
  Use: Scroll            |     1 |     3 |    13 |     6 ||    23
       Potion            |       |     2 |       |     1 ||     3
 Stab: Sleeping          |       |       |     6 |     8 ||    14
       Distracted        |       |       |       |     1 ||     1
  Eat: Chunk             |     4 |     7 |    17 |     6 ||    34
       Ration            |       |       |     2 |     1 ||     3
Armor: Animal skin       |     2 |       |       |       ||     2
       Scale mail        |    16 |    45 |     3 |       ||    64
       Leather armour    |     4 |       |       |       ||     4
       Ring mail         |       |       |   116 |    73 ||   189
Dodge: Dodged            |    61 |    63 |   207 |   143 ||   474

Table legend:
 A = Non-vault XP
 B = Vault XP
 C = Vault XP percentage of total XP
 D = Non-vault monster count
 E = Vault monster count
 F = Vault count percentage of total count
                 A         B        C        D         E       F
            +---------+---------+-------+---------+---------+-------
      Total |    8390 |    3323 |  28.4 |     212 |      44 |  17.2
            +---------+---------+-------+---------+---------+-------
        D:1 |      60 |       0 |   0.0 |      17 |       0 |   0.0
        D:2 |      48 |     329 |  87.3 |      21 |       4 |  16.0
        D:3 |     125 |       7 |   5.3 |      19 |       2 |   9.5
        D:4 |     236 |     521 |  68.8 |      14 |       4 |  22.2
        D:5 |     364 |       2 |   0.5 |      11 |       1 |   8.3
        D:6 |     353 |       0 |   0.0 |      12 |       0 |   0.0
        D:7 |     926 |       0 |   0.0 |      19 |       0 |   0.0
        D:8 |    1071 |     501 |  31.9 |      30 |      11 |  26.8
        D:9 |    1836 |    1189 |  39.3 |      31 |       7 |  18.4
       D:10 |    2196 |       0 |   0.0 |      23 |       0 |   0.0
       D:11 |    1175 |       0 |   0.0 |      15 |       0 |   0.0
    Ossuary |       0 |     774 | 100.0 |       0 |      15 | 100.0
            +---------+---------+-------+---------+---------+-------
